 Dungeon Crawl Stone Soup version 0.18.1-6-gd335043 (webtiles) character file.

15178 mistymad the Cleaver (level 11, 0/153 HPs)
             Began as a Minotaur Berserker on May 17, 2016.
             Was a High Priest of Trog.
             Succumbed to a queen ant's poison
             ... on level 4 of the Lair of Beasts.
             The game lasted 01:00:58 (11627 turns).

mistymad the Cleaver (Minotaur Berserker)          Turns: 11627, Time: 01:00:59

Health: 0/153      AC: 16    Str: 28    XL:     11   Next: 98%
Magic:  10/10      EV: 19    Int:  4    God:    Trog [*****.]
Gold:   786        SH:  7    Dex: 21    Spells: 0 memorised, 10 levels left

rFire  . . .     SeeInvis .     Q - +2 hand axe (chop)
rCold  . . .     Gourm    .     U - +3 scale mail of Midnight {Dex+5}
rNeg   . . .     Faith    .     H - +0 buckler
rPois  .         Spirit   .     (helmet restricted)
rElec  .         Dismiss  .     K - +0 cloak
rCorr  .         Reflect  .     R - +2 pair of gloves
SustAt .         Harm     .     (no boots)
MR     +....                    h - amulet of regeneration
Stlth  ..........               N - +4 ring of dexterity
                                u - ring of protection from magic

@: berserking (expiring), lethally poisoned (0 -> -78), very quick, somewhat
resistant to hostile enchantments, extremely unstealthy
A: retaliatory headbutt, horns 2
a: Berserk, Trog's Hand, Brothers in Arms, Burn Spellbooks, Renounce Religion


You were on level 4 of the Lair of Beasts.
You worshipped Trog.
Trog was extremely pleased with you.
You were not hungry.

You visited 3 branches of the dungeon, and saw 14 of its levels.
You also visited: Sewer.

You collected 786 gold pieces.

Inventory:

Hand Weapons
 Q - a +2 hand axe of chopping (weapon)
Armour
 H - a +0 buckler (worn)
 K - a +0 cloak (worn)
 R - a +2 pair of gloves (worn)
 U - the +3 scale mail of Midnight (worn) {Dex+5}
   (You found it on level 9 of the Dungeon)

   It affects your dexterity (+5).
Jewellery
 h - an amulet of regeneration (around neck)
 l - an uncursed ring of sustain attributes
 u - a ring of protection from magic (left hand)
 z - a +4 ring of strength {unknown}
 N - a +4 ring of dexterity (right hand)
Wands
 G - a wand of polymorph (13/24)
 L - a wand of digging (6/24)
Scrolls
 a - a scroll of fog {unknown}
 b - 10 scrolls of remove curse
 e - 3 scrolls of magic mapping
 g - 7 scrolls of recharging
 k - a scroll of enchant armour {unknown}
 m - a scroll of blinking
 t - 3 scrolls of identify
 v - 2 scrolls of enchant weapon
 y - 3 scrolls of fear
 A - 6 scrolls of teleportation
Potions
 f - a potion of cancellation {unknown}
 j - a potion of magic {unknown}
 n - a potion of experience {unknown}
 o - 3 potions of curing
 q - 2 potions of invisibility {unknown}
 s - 5 potions of cure mutation {unknown}
 x - 5 potions of lignification {unknown}
 B - 2 potions of mutation {unknown}
 C - a potion of might {unknown}
 D - 3 potions of agility {unknown}
 E - 3 potions of flight {unknown}
 F - 7 potions of heal wounds {unknown}
 I - a potion of degeneration {unknown}
 J - a potion of brilliance
Books
 P - a book of the Earth

   Spells                             Type                      Level
   a - Leda's Liquefaction            Hexes/Earth                  4
   b - Bolt of Magma                  Conjuration/Fire/Earth       5
   c - Statue Form                    Transmutation/Earth          6
   d - Iron Shot                      Conjuration/Earth            6
   e - Shatter                        Earth                        9
   Trog disapproves of the use of such an item.
Miscellaneous
 M - a legendary deck of summoning {the Dance}
 O - a fan of gales
Comestibles
 c - 13 bread rations
 d - 2 slices of pizza
 i - 7 beef jerkies
 p - 5 meat rations
 r - 7 fruits
 w - 2 royal jellies
 S - 28 chunks of flesh


   Skills:
 + Level 11.2 Fighting
 + Level 11.9 Axes
 + Level 10.7 Armour
 + Level 10.0 Dodging
 + Level 9.0 Shields


You had 10 spell levels left.
You didn't know any spells.

Dungeon Overview and Level Annotations

Branches:
Dungeon (9/15)             Temple (1/1) D:5            Lair (4/8) D:9
  Swamp (0/4) Lair:3          Orc (0/2) D:9
  Snake: Lair:3-6    Spider: Lair:3-6

Altars:
Ashenzari
Cheibriados
Dithmenos
Elyvilon
Fedhas
Gozag
Kikubaaqudgha
Makhleb
Nemelex Xobeh
Okawaru
Pakellas
Qazlal
Ru
Sif Muna
Trog
Vehumet
Xom
Yredelemnul
Zin
The Shining One


Innate Abilities, Weirdness & Mutations

You reflexively headbutt those who attack you in melee.
You have a pair of horns on your head.


Message History

You hit the bush.
The bush is severely damaged.
* * * LOW HITPOINT WARNING * * *
You feel very sick. The queen ant completely misses you.
You furiously retaliate!
You headbutt the queen ant!!
You feel the power of Trog in you as your rage grows.
You kill the queen ant!
Trog accepts your kill. Something appears at your feet! Trog grants you a gift!
Your Dodging skill increases to level 10!
Your Shields skill increases to level 9!
* * * LOW HITPOINT WARNING * * *
You feel very sick.
You feel a strong urge to attack something.
* * * LOW HITPOINT WARNING * * *
You feel very sick.
You see here a glowing hand crossbow {god gift}.
You die...

a###..#..##
..#...#.P##.
##.......... .
#.####....#.P..#.
........†..........
##.##.#.##....#.#..
.P.. .. #..†....#
...... ##.)....#.#
......####P@......#
....P..÷<††........
.....#.#÷÷.>......#
.## #.##..#.....#.#
## ####........
...P..#P. ..##.....
P.# #..). #..( .#..


There were no monsters in sight!

Vanquished Creatures
  A queen ant (Lair:4)
  A black mamba (Lair:2)
  3 spiny frogs
  A rime drake (Lair:1)
  3 komodo dragons
  A polar bear (Lair:2)
  2 two-headed ogres (D:8)
  Prince Ribbit (D:8)
  4 blink frogs (Lair:3)
  A wyvern (D:8)
  2 hippogriffs
  17 yaks
  Eustachio (D:5)
  4 vampire mosquitoes (Lair:3)
  A hungry ghost (D:8)
  6 soldier ants
  Edmund (D:5)
  8 water moccasins
  6 porcupines
  2 black bears
  7 orc warriors
  4 ice beasts
  A phantom (D:4)
  5 ogres
  5 centaurs
  4 crocodiles
  3 big kobolds
  6 giant frogs
  3 scorpions
  5 killer bees (D:8)
  An electric eel (Lair:3)
  A crimson imp (D:9)
  A wasp zombie (D:8)
  A centaur skeleton (D:8)
  Crazy Yiuf (D:5)
  5 hounds
  6 orc wizards
  3 orc priests
  A giant frog skeleton (D:5)
  Jessica (D:3)
  13 worker ants
  Natasha (thrice) (D:3)
  3 iguanas
  2 hound zombies
  A hound skeleton (D:7)
  A howler monkey skeleton (D:4)
  9 adders
  3 gnolls (D:2)
  33 river rats
  A shadow imp (D:8)
  A worm (D:3)
  5 dart slugs
  5 giant geckos
  35 orcs
  12 giant cockroaches
  9 goblins
  5 hobgoblins
  16 jackals
  4 quokkas
  2 ball pythons
  22 bats
  10 giant newts
  23 kobolds
  4 quokka skeletons
  20 rats
  8 fungi
  A plant (Lair:2)
381 creatures vanquished.

Vanquished Creatures (others)
  A human (D:7)
  2 fungi
3 creatures vanquished.

Grand Total: 384 creatures vanquished

Notes
Turn   | Place    | Note
--------------------------------------------------------------
     0 | D:1      | mistymad the Minotaur Berserker began the quest for the Orb.
     0 | D:1      | Reached XP level 1. HP: 19/19 MP: 0/0
   273 | D:1      | Reached XP level 2. HP: 27/27 MP: 1/1
   512 | D:1      | Reached ** piety under Trog
   534 | D:1      | Reached XP level 3. HP: 20/33 MP: 2/2
  1038 | D:2      | Reached XP level 4. HP: 41/41 MP: 3/3
  1160 | D:2      | Found a basalt altar of Yredelemnul.
  1397 | D:2      | Reached skill level 5 in Axes
  1686 | D:2      | Found an iron altar of Okawaru.
  1688 | D:2      | Found a radiant altar of Vehumet.
  1897 | D:3      | Noticed Natasha
  1909 | D:3      | Killed Natasha
  1909 | D:3      | Reached *** piety under Trog
  1950 | D:3      | Noticed Natasha
  1956 | D:3      | Killed Natasha
  1956 | D:3      | Reached XP level 5. HP: 44/47 MP: 4/4
  2254 | D:3      | Noticed Jessica
  2266 | D:3      | Killed Jessica
  2474 | D:3      | Noticed Natasha
  2488 | D:3      | Killed Natasha
  2488 | D:3      | Reached skill level 5 in Fighting
  2705 | D:2      | Found an oddly glowing altar of Pakellas.
  2705 | D:2      | Found a blossoming altar of Fedhas.
  2766 | D:4      | Found an iron altar of Okawaru.
  2770 | D:4      | Reached XP level 6. HP: 56/56 MP: 5/5
  3157 | D:4      | Reached **** piety under Trog
  3184 | D:4      | Found a glowing silver altar of Zin.
  3299 | D:4      | Reached XP level 7. HP: 39/61 MP: 6/6
  3682 | D:5      | Entered Level 5 of the Dungeon
  3701 | D:5      | Reached skill level 5 in Armour
  3941 | D:5      | Noticed Eustachio
  3951 | D:5      | Found a glowing drain.
  3980 | D:5      | Killed Eustachio
  3986 | Sewer    | Entered a sewer
  4130 | Sewer    | Reached XP level 8. HP: 70/70 MP: 7/7
  4259 | Sewer    | Reached skill level 5 in Dodging
  4681 | D:5      | Noticed Edmund
  4703 | D:5      | Killed Edmund
  4703 | D:5      | Reached skill level 1 in Shields
  4767 | D:5      | Found a staircase to the Ecumenical Temple.
  4775 | Temple   | Entered the Ecumenical Temple
  5069 | D:5      | Noticed Crazy Yiuf
  5076 | D:5      | Killed Crazy Yiuf
  5667 | D:6      | Got an encrusted ring mail
  5678 | D:6      | Identified the +3 ring mail of Boiling Hail {rElec rC+} (You found it on level 6 of the Dungeon)
  5790 | D:6      | Reached ***** piety under Trog
  6180 | D:7      | Reached XP level 9. HP: 68/79 MP: 8/8
  6315 | D:7      | Found an ancient bone altar of Kikubaaqudgha.
  6800 | D:8      | Noticed Prince Ribbit
  6812 | D:8      | Received a gift from Trog
  6830 | D:8      | Killed Prince Ribbit
  6922 | D:8      | Reached skill level 5 in Shields
  7048 | D:8      | Reached skill level 10 in Axes
  7128 | D:8      | Reached XP level 10. HP: 90/90 MP: 9/9
  7319 | D:9      | Found a white marble altar of Elyvilon.
  7512 | D:9      | Found a staircase to the Orcish Mines.
  7639 | D:9      | Found a sacrificial altar of Ru.
  8109 | D:9      | Got a bloodstained scale mail
  8155 | D:9      | Found a staircase to the Lair.
  8437 | D:9      | Identified the +3 scale mail of Midnight {Dex+5} (You found it on level 9 of the Dungeon)
  8438 | Lair:1   | Entered Level 1 of the Lair of Beasts
  8911 | Lair:1   | Noticed a spiny frog
  8916 | Lair:1   | Killed a spiny frog
  9218 | Lair:1   | Noticed a spiny frog
  9226 | Lair:1   | Killed a spiny frog
  9475 | Lair:2   | Reached skill level 10 in Fighting
  9481 | Lair:2   | Reached XP level 11. HP: 80/99 MP: 10/10
 10623 | Lair:3   | Received a gift from Trog
 10765 | Lair:3   | Reached skill level 10 in Armour
 10788 | Lair:3   | Found a staircase to the Swamp.
 11597 | Lair:4   | Noticed a queen ant
 11624 | Lair:4   | Killed a queen ant
 11624 | Lair:4   | Received a gift from Trog
 11624 | Lair:4   | Reached skill level 10 in Dodging
 11626 | Lair:4   | HP: 5/153 [poisoned by a queen ant]
 11627 | Lair:4   | Succumbed to a queen ant's poison

Skill      XL: |  1  2  3  4  5  6  7  8  9 10 11 |
---------------+----------------------------------+-----
Fighting       | 4 5 6 7 8 10 11 | 11.2
Axes           | 4 5 6 8 9 10 11 | 11.9
Armour         | 3 4 5 6 8 9 10 | 10.7
Dodging        | 3 4 6 7 8 10 | 10.0
Shields        | 3 5 7 9 |  9.0

Action                   |  1- 3 |  4- 6 |  7- 9 | 10-12 || total
-------------------------+-------+-------+-------+-------++-------
Melee: Hand axe          |    62 |   186 |   375 |   486 ||  1109
       Headbutt          |     8 |    29 |    82 |   170 ||   289
Invok: Berserk           |     1 |     1 |     5 |     1 ||     8
       Trog's Hand       |       |       |       |     1 ||     1
  Use: Scroll            |       |       |    13 |     1 ||    14
  Eat: Chunk             |     1 |     9 |    21 |    15 ||    46
Armor: Animal skin       |    20 |       |       |       ||    20
       Chain mail        |    15 |    98 |    96 |       ||   209
       Ring mail         |       |       |    66 |    29 ||    95
       Scale mail        |       |       |       |    67 ||    67
Dodge: Dodged            |    42 |    85 |   177 |   264 ||   568
Block: Buckler           |       |       |    48 |   124 ||   172
